 Dungeon Crawl Stone Soup version 0.29-a0-362-g5854e031c7 (webtiles) character file.

Game seed: 16287885739620109398

3029 croobank the Covert (level 9, -2/72 (74) HPs)
             Began as a Gnoll Delver on Apr 29, 2022.
             Was an Initiate of Gozag.
             Slain by a wight
             ... wielding a +1 battleaxe
              (14 damage)
             ... on level 8 of the Dungeon.
             The game lasted 00:25:31 (8847 turns).

croobank the Covert (Gnoll Delver)                  Turns: 8847, Time: 00:25:32

HP:   -2/72 (74)    AC:  9    Str: 13    XL:     9   Next: 86%
MP:   15/15         EV: 14    Int: 12    God:    Gozag
Gold: 463           SH:  0    Dex: 14    Spells: 14/17 levels left

rFire   . . .      SeeInvis .   J - +4 quarterstaff (chaos)
rCold   . . .      Faith    .   (shield currently unavailable)
rNeg    . . .      Spirit   .   F - +2 leather armour {Will+}
rPois   .          Reflect  .   w - +1 helmet
rElec   .          Harm     .   K - +0 cloak
rCorr   .          Rampage  .   (no gloves)
Will    +....                   (no boots)
Stlth   ++++......              (no amulet)
HPRegen 0.22/turn               m - ring of flight
MPRegen 0.14/turn               (no ring)

@: flying, lightly drained
A: fangs 1, strong nose, distributed training
a: Renounce Religion, Potion Petition, Call Merchant, Bribe Branch


You were on level 8 of the Dungeon.
You worshipped Gozag.
Gozag was aware of your devotion.
You visited 2 branches of the dungeon, and saw 9 of its levels.

You collected 706 gold pieces.
You spent 121 gold pieces at shops.
You paid 122 gold pieces to Gozag.

Inventory:

Hand Weapons
 a - a +4 dagger of venom
 b - a +0 hunting sling
 h - a +0 hand axe
 J - a +4 quarterstaff of chaos (weapon)
Missiles
 k - 11 poisoned darts
 l - 3 javelins (quivered)
 o - 148 stones
 v - 4 datura-tipped darts
 D - a curare-tipped dart
Armour
 f - a +0 ring mail
 i - a +0 leather armour
 q - a +0 chain mail
 r - a +0 kite shield
 w - a +1 helmet (worn)
 C - a +0 plate armour
 F - a +2 leather armour of willpower (worn)
 K - a +0 cloak (worn)
Magical Staves
 j - a staff of poison
Jewellery
 m - a ring of flight (left hand)
Wands
 g - a wand of digging (10)
 y - a wand of iceblast (7)
 z - a wand of flame (21)
Scrolls
 c - a scroll of fog
 e - 2 scrolls of fear
 n - 2 scrolls of immolation
 B - 2 scrolls of magic mapping
 E - a scroll of identify
 H - a scroll of amnesia {unknown}
Potions
 d - 4 potions of cancellation
 p - 4 potions of curing
 t - a potion of resistance
 u - a potion of might
 x - 2 potions of lignification
 A - 2 potions of mutation {unknown}
 G - a potion of ambrosia {unknown}
 I - a potion of heal wounds
 L - a potion of invisibility {unknown}


   Skills:
 + Level 8.1 Fighting
 + Level 4.6 Short Blades
 + Level 4.6 Long Blades
 + Level 6.6 Axes
 + Level 4.6 Maces & Flails
 + Level 4.6 Polearms
 + Level 4.6 Staves
 + Level 4.6 Slings
 + Level 4.6 Bows
 + Level 4.6 Crossbows
 + Level 4.6 Throwing
 + Level 4.6 Armour
 + Level 6.6 Dodging
 + Level 10.6 Stealth
 + Level 4.6 Shields
 + Level 4.6 Unarmed Combat
 + Level 4.6 Spellcasting
 + Level 3.8 Conjurations
 + Level 3.8 Hexes
 + Level 3.8 Summonings
 + Level 3.8 Necromancy
 + Level 3.8 Translocations
 + Level 3.8 Transmutations
 + Level 3.8 Fire Magic
 + Level 3.8 Ice Magic
 + Level 3.8 Air Magic
 + Level 3.8 Earth Magic
 + Level 3.8 Poison Magic
 + Level 5.1 Invocations
 + Level 4.6 Evocations


You had 14 spell levels left.
You knew the following spells:

 Your Spells              Type           Power      Damage    Failure   Level
a - Ozocubu's Armour      Ice            12%        N/A       16%         3

Your spell library contained the following spells:

 Spells                   Type           Power      Damage    Failure   Level
 Metabolic Englaciation   Hex/Ice        6%         N/A       82%         5
 Simulacrum               Ice/Necr       6%         N/A       100%        6


Dungeon Overview and Level Annotations

Branches:
Dungeon (8/15)             Temple (1/1) D:6
   Lair: D:8-11

Altars:
Cheibriados
Dithmenos
Elyvilon
Fedhas
Gozag
Hepliaklqana
Kikubaaqudgha
Makhleb
Nemelex Xobeh
Ru
Sif Muna
Trog
Uskayaw
Wu Jian
Yredelemnul
Zin
The Shining One

Shops:
D:3 [   D:7 ![(

Annotations:
D:8 1 runed translucent door, Psyclone's ghost, novice OpIE


Innate Abilities, Weirdness & Mutations

You have very sharp teeth.
Your uncanny sense of smell can sniff out nearby items.
Your experience applies equally to all skills.


Message History

Okay, then.
Blink to where?
Press: ? - help, Dir - move target
As you read the scroll of blinking, it crumbles to dust.
Aiming: Throw Flame
Press: ? - help, Shift-Dir - straight line, f - wight
Aim: a wight, wielding a +1 battleaxe and wearing a +0 robe (heavily damaged, strong, 74% to hit)
The puff of flame misses the wight.
Aiming: Throw Flame
Press: ? - help, Shift-Dir - straight line, f/p - wight
Aim: a wight, wielding a +1 battleaxe and wearing a +0 robe (heavily damaged, strong, 74% to hit)
The puff of flame hits the wight but does no damage.
The wight is heavily damaged.
Aiming: Throw Flame
Press: ? - help, Shift-Dir - straight line, f/p - wight
Aim: a wight, wielding a +1 battleaxe and wearing a +0 robe (heavily damaged, strong, 74% to hit)
The puff of flame hits the wight but does no damage.
The wight is heavily damaged.
Aiming: Throw Flame
Press: ? - help, Shift-Dir - straight line, f/p - wight
Aim: a wight, wielding a +1 battleaxe and wearing a +0 robe (heavily damaged, strong, 74% to hit)
The puff of flame hits the wight!
The wight is almost destroyed.
Aiming: Throw Flame
Press: ? - help, Shift-Dir - straight line, f/p - wight
Aim: a wight, wielding a +1 battleaxe and wearing a +0 robe (almost destroyed, strong, 74% to hit)
Okay, then.
Aiming: Throw Flame
Press: ? - help, Shift-Dir - straight line, f/p - wight
Aim: a wight, wielding a +1 battleaxe and wearing a +0 robe (almost destroyed, strong, 74% to hit)
The puff of flame misses the wight.
You hit the wight but do no damage.
The wight easily resists.
You bite the wight, but do no damage.
The wight is almost destroyed.
The wight misses you.
You barely miss the wight. Your bite misses the wight.
The wight is almost destroyed.
The wight hits you with a +1 battleaxe!
You die...
Your body crumbles into a pile of gold.

##...###########
##...### ###...##
###..### ##...##
#.....# ###..###
#.....# ###..##
#.....# ##..###
#.....# ###.@###
#.....# ##..#.zz#
#....#
#....##..####..z.#
#.....##...###..z#
##.....####...##$z##
#.............)#...#
##.......#...?#.$..##
#.......##....##...#
#.......#......#...#


You could see 2 wights.

Vanquished Creatures
  Pikel (D:7)
  Joseph (D:7)
  Maggie (D:7)
  Prince Ribbit (D:7)
  A vampire (D:7)
  2 black bears (D:6)
  An orc warrior (D:7)
  An ogre (D:7)
  2 lemures (D:7)
  2 phantoms
  3 bullfrogs
  A kobold brigand (D:7)
  A necrophage (D:5)
  A scorpion (D:4)
  3 wights (D:8)
  5 hounds
  Crazy Yiuf (D:7)
  3 iguanas
  6 orc wizards
  Ijyb (D:3)
  Robin (D:3)
  3 gnolls (D:6)
  9 adders
  A white imp (D:5)
  An ufetubus (D:5)
  A worm (D:3)
  A dart slug (D:3)
  15 orcs
  3 ball pythons
  6 endoplasms
  6 giant cockroaches
  16 goblins
  4 hobgoblins
  9 jackals
  4 quokkas
  8 bats
  3 frilled lizards
  10 kobolds
  8 rats
147 creatures vanquished.

Vanquished Creatures (others)
  24 plants
24 creatures vanquished.

Grand Total: 171 creatures vanquished

Notes
Turn   | Place    | Note
-------+----------+-------------------------------------------
     0 | D:5      | Reached skill level 9 in Stealth
     0 | D:5      | croobank the Gnoll Delver began the quest for the Orb.
     0 | D:5      | Reached XP level 1. HP: 23/23 MP: 1/1
   144 | D:5      | Reached XP level 2. HP: 29/29 MP: 2/2
   160 | D:5      | Noticed a necrophage
   493 | D:3      | Found Fuiwn's Armour Boutique.
   509 | D:3      | Noticed Robin
   547 | D:3      | Reached XP level 3. HP: 14/35 MP: 3/3
   842 | D:3      | Reached skill level 1 in Invocations
   917 | D:3      | Reached skill level 1 in Short Blades
   917 | D:3      | Reached skill level 1 in Long Blades
   917 | D:3      | Reached skill level 1 in Maces & Flails
   917 | D:3      | Reached skill level 1 in Polearms
   917 | D:3      | Reached skill level 1 in Staves
   917 | D:3      | Reached skill level 1 in Slings
   917 | D:3      | Reached skill level 1 in Bows
   917 | D:3      | Reached skill level 1 in Crossbows
   917 | D:3      | Reached skill level 1 in Throwing
   917 | D:3      | Reached skill level 1 in Armour
   917 | D:3      | Reached skill level 1 in Shields
   917 | D:3      | Reached skill level 1 in Unarmed Combat
   917 | D:3      | Reached skill level 1 in Spellcasting
   917 | D:3      | Reached skill level 1 in Evocations
   917 | D:3      | Reached XP level 4. HP: 25/41 MP: 5/5
  1616 | D:2      | Learned a level 3 spell: Ozocubu's Armour
  1841 | D:1      | Reached skill level 1 in Conjurations
  1841 | D:1      | Reached skill level 1 in Hexes
  1841 | D:1      | Reached skill level 1 in Summonings
  1841 | D:1      | Reached skill level 1 in Necromancy
  1841 | D:1      | Reached skill level 1 in Translocations
  1841 | D:1      | Reached skill level 1 in Transmutations
  1841 | D:1      | Reached skill level 1 in Fire Magic
  1841 | D:1      | Reached skill level 1 in Ice Magic
  1841 | D:1      | Reached skill level 1 in Air Magic
  1841 | D:1      | Reached skill level 1 in Earth Magic
  1841 | D:1      | Reached skill level 1 in Poison Magic
  2696 | D:2      | Reached XP level 5. HP: 47/47 MP: 5/7
  3404 | D:3      | Killed Robin
  3564 | D:3      | Noticed Ijyb
  3571 | D:3      | Killed Ijyb
  3739 | D:3      | Reached XP level 6. HP: 53/53 MP: 8/8
  4079 | D:4      | Reached skill level 5 in Axes
  4079 | D:4      | Reached skill level 5 in Dodging
  4646 | D:5      | Reached XP level 7. HP: 59/59 MP: 10/10
  5137 | D:6      | Reached skill level 10 in Stealth
  5458 | D:6      | Found a staircase to the Ecumenical Temple.
  5496 | Temple   | Entered the Ecumenical Temple
  5572 | Temple   | Became a worshipper of Gozag Ym Sagoz the Greedy
  6099 | D:7      | Noticed Joseph
  6126 | D:7      | Killed Joseph
  6127 | D:7      | Reached XP level 8. HP: 17/67 MP: 12/12
  6554 | D:7      | Noticed a +0 hand axe
  6554 | D:7      | Noticed a +0 dagger
  6557 | D:7      | Found a hide-covered altar of Uskayaw.
  6593 | D:7      | Found Pimnim Xeme's Distillery.
  6599 | D:7      | Noticed Pikel
  6610 | D:7      | Killed Pikel
  6611 | D:7      | Reached XP level 9. HP: 63/72 MP: 12/14
  6653 | D:7      | Bought a potion of berserk rage for 55 gold pieces
  6653 | D:7      | Bought 2 potions of curing for 66 gold pieces
  6679 | D:7      | Noticed Maggie
  6693 | D:7      | Killed Maggie
  6945 | D:7      | Found a white marble altar of Elyvilon.
  7243 | D:7      | Found Cicsos's Antique Armour Shop.
  7291 | D:7      | Found a basalt altar of Yredelemnul.
  7807 | D:7      | Found Nipsuqazi's Weapon Shop.
  7819 | D:7      | Noticed Prince Ribbit
  7836 | D:7      | Killed Prince Ribbit
  7915 | D:7      | Found a runed translucent door.
  7916 | D:7      | Noticed Crazy Yiuf
  8261 | D:7      | Killed Crazy Yiuf
  8438 | D:8      | Reached skill level 5 in Invocations
  8576 | D:8      | Noticed Psyclone's ghost (novice OpIE)
  8591 | D:8      | Found a runed translucent door.
  8847 | D:8      | Slain by a wight

Illustrated notes

Levels and vault maps discovered:
D:1:      shiori_angband_town, layout_loops_cross, grunt_decor_cap,
          roderic_roman_lattice, nicolae_concentric_dashed_squares_mild
D:2:      layout_loops_ring, minmay_misc_feat_room
D:3:      layout_loops_cross, serial_shops, shop, st_stairs_1, uniq_ijyb,
          uniq_robin
D:4:      layout_loops_ring, hex_large, grunt_ministairs_4
D:5:      layout_loops_ring, serial_glass, glass_columns_c, glass_columns_a,
          kennysheep_boxes
D:6:      layout_basic, temple_pool_b
D:7:      layout_basic, mainiacjoe_overflow_24_doors, dancing_weapons_uskayaw,
          elyvilon_altar_4, serial_shops, nicolae_shop_statue_plus,
          nicolae_shop_bloodbath_and_beyond, shop, uniq_prince_ribbit1,
          uniq_maggie, uniq_joseph, uniq_crazy_yiuf_cottage, uniq_pikel
D:8:      minmay_chambers_of_fours, layout_cave_pods, overflow_temple_1_default,
          hellmonk_ghost_big_iron, minmay_misc_feat_iff
Temple:   zaba_magenta_temple

Skill      XL: |  1  2  3  4  5  6  7  8  9 |
---------------+----------------------------+-----
Stealth        | 10 | 10.6
Invocations    | 1 2 3 4 5 |  5.1
Short Blades   | 1 2 3 4 |  4.6
Long Blades    | 1 2 3 4 |  4.6
Maces & Flails | 1 2 3 4 |  4.6
Polearms       | 1 2 3 4 |  4.6
Staves         | 1 2 3 4 |  4.6
Slings         | 1 2 3 4 |  4.6
Bows           | 1 2 3 4 |  4.6
Crossbows      | 1 2 3 4 |  4.6
Throwing       | 1 2 3 4 |  4.6
Armour         | 1 2 3 4 |  4.6
Shields        | 1 2 3 4 |  4.6
Unarmed Combat | 1 2 3 4 |  4.6
Spellcasting   | 1 2 3 4 |  4.6
Evocations     | 1 2 3 4 |  4.6
Conjurations   | 1 2 3 |  3.8
Hexes          | 1 2 3 |  3.8
Summonings     | 1 2 3 |  3.8
Necromancy     | 1 2 3 |  3.8
Translocations | 1 2 3 |  3.8
Transmutations | 1 2 3 |  3.8
Fire Magic     | 1 2 3 |  3.8
Ice Magic      | 1 2 3 |  3.8
Air Magic      | 1 2 3 |  3.8
Earth Magic    | 1 2 3 |  3.8
Poison Magic   | 1 2 3 |  3.8
Axes           | 5 6 |  6.6
Dodging        | 5 6 |  6.6
Fighting       | 7 8 |  8.1

Action                   |  1- 3 |  4- 6 |  7- 9 || total
-------------------------+-------+-------+-------++-------
Melee: Hand axe          |    87 |     2 |       ||    89
       Bite              |     6 |    20 |    29 ||    55
       Punch             |     1 |     3 |     7 ||    11
       Dagger            |       |   190 |   177 ||   367
       Quarterstaff      |       |       |    36 ||    36
Evoke: Wand              |       |       |    14 ||    14
  Use: Potion            |     3 |       |     6 ||     9
       Scroll            |     1 |     7 |     8 ||    16
 Stab: Sleeping          |     3 |    30 |     8 ||    41
       Distracted        |       |       |     3 ||     3
Armor: Leather armour    |    12 |    42 |    39 ||    93
Dodge: Dodged            |    72 |   107 |   102 ||   281

Table legend: (Time is in decaauts)
 A = Elapsed time spent in this place.
 B = Non-inter-level travel time spent in this place.
 C = Inter-level travel time spent in this place.
 D = Time resting spent in this place.
 E = Time spent auto-exploring this place.
 F = Levels seen in this place.
 G = Mean time per level.
                   A        B        C        D        E       F      G
               +--------+--------+--------+--------+--------+-----+--------+
         Total |   8788 |   8504 |    284 |   1816 |   4728 |   9 |  976.4 |
       Dungeon |   8708 |   8428 |    280 |   1816 |   4678 |   8 | 1088.5 |
        Temple |     80 |     76 |      4 |      0 |     50 |   1 |   80.0 |
               +--------+--------+--------+--------+--------+-----+--------+

Top non-repeatable levels by time:
     D:7: 2015 daAuts
     D:3: 1517 daAuts
     D:6: 1172 daAuts
     D:1: 982 daAuts
     D:5: 891 daAuts
     D:4: 874 daAuts
     D:2: 824 daAuts
     D:8: 429 daAuts
  Temple: 80 daAuts
